 Dungeon Crawl Stone Soup version 0.29-a0-330-g52719c12eb (webtiles) character file.

Game seed: 3637198166103512147

18 kae the Insei (level 2, 0/23 HPs)
             Began as a Demigod Transmuter on Apr 21, 2022.
             Slain by a jackal (3 damage)
             ... on level 1 of the Dungeon.
             The game lasted 00:00:13 (431 turns).

kae the Insei (Demigod Transmuter)                   Turns: 431, Time: 00:00:13

Health: 0/23       AC:  2    Str: 11    XL:     2   Next: 33%
Magic:  7/7        EV: 12    Int: 15    God:
Gold:   18         SH:  0    Dex: 14    Spells: 4/5 levels left

rFire   . . .      SeeInvis .   c - +0 short sword
rCold   . . .      Faith    .   (no shield)
rNeg    . . .      Spirit   .   a - +0 robe
rPois   .          Reflect  .   (helmet currently unavailable)
rElec   .          Harm     .   (no cloak)
rCorr   .          Rampage  .   (no gloves)
Will    .....                   (boots currently unavailable)
Stlth   +.........              (no amulet)
HPRegen 0.07/turn               (no ring)
MPRegen 0.10/turn               (no ring)

@: appendages (expiring)
A: horns 2, talons 2, high MP 1, forlorn, divine attributes
a: End Transformation


You were on level 1 of the Dungeon.
You had temporarily grown beastly horns and talons.
You visited 1 branch of the dungeon, and saw 1 of its levels.

You collected 18 gold pieces.

Inventory:

Hand Weapons
 c - a +0 short sword (weapon)
Armour
 a - a +0 robe (worn)
Potions
 b - a potion of lignification
 d - a potion of haste {unknown}


   Skills:
 + Level 1.2 Fighting
 - Level 1.7 Dodging
 + Level 2.8 Unarmed Combat
 + Level 2.0 Spellcasting
 * Level 2.2 Transmutations


You had 4 spell levels left.
You knew the following spells:

 Your Spells              Type           Power      Damage    Failure   Level
a - Beastly Appendage     Tmut           16%        N/A       9%          1

Your spell library contained the following spells:

 Spells                   Type           Power      Damage    Failure   Level
 Wereblood                Tmut           8%         N/A       13%         2
 Spider Form              Tmut/Pois      4%         N/A       38%         3
 Ice Form                 Ice/Tmut       4%         N/A       80%         4


Dungeon Overview and Level Annotations

Branches:
Dungeon (1/15)


Innate Abilities, Weirdness & Mutations

You have temporarily grown beastly horns and talons.
You have an increased reservoir of magic. (+10% MP)
You shall have no god before yourself.
Your divine heritage dramatically boosts your attributes as you level up.


Message History

You hit the jackal. You claw the jackal, but do no damage.
You headbutt the jackal, but do no damage.
The jackal is heavily wounded.
The jackal closely misses you. The jackal misses you.
The jackal closely misses you. The jackal misses you.
The jackal bites you but does no damage.
There are monsters nearby!
You hit the jackal. Your kick misses the jackal.
The jackal is almost dead.
The jackal bites you but does no damage.
The jackal misses you. x2; The jackal bites you.
You hit the jackal.
You kill the jackal!
Your transformation is almost over.
The jackal bites you. The jackal barely misses you. The jackal bites you.
The jackal bites you but does no damage.
The jackal barely misses you. The jackal bites you.
There are monsters nearby!
You are too injured to fight recklessly!
You are too injured to fight recklessly!
You are too injured to fight recklessly!
You are too injured to fight recklessly!
You barely miss the jackal. You headbutt the jackal.
The jackal is heavily wounded.
The jackal bites you. The jackal closely misses you. The jackal bites you.
The goblin barely misses you. The jackal barely misses you.
You hit the jackal. Your kick misses the jackal.
The jackal is heavily wounded.
The jackal bites you. x2; The jackal barely misses you.
The goblin hits you with a +0 club.
* * * LOW HITPOINT WARNING * * *
The jackal bites you.
* * * LOW HITPOINT WARNING * * *
The jackal barely misses you.
You closely miss the jackal. Your kick misses the jackal.
Your headbutt misses the jackal.
The jackal is heavily wounded.
The jackal bites you but does no damage.
The jackal bites you.
You die...

..#...#####..........#####
###(### ########...# #.#
## ##..# #...# .##...##
#.#.# ......#..# ..#.#
###.####.# # #.. #.# #.##
.≈. ..#####h####..# .≈.
......g@h.....# ≈≈..
......##h###### ..... ...#
#### ##..# #..# #..# #..#
#..#


You could see 3 jackals and a goblin.

Vanquished Creatures
  A dart slug (D:1)
  A ball python (D:1)
  2 bats (D:1)
  An endoplasm (D:1)
  3 giant cockroaches (D:1)
  A jackal (D:1)
  A quokka (D:1)
  3 kobolds (D:1)
13 creatures vanquished.

Notes
Turn   | Place    | Note
-------+----------+-------------------------------------------
     0 | D:1      | kae the Demigod Transmuter began the quest for the Orb.
     0 | D:1      | Reached XP level 1. HP: 15/15 MP: 5/5
    69 | D:1      | Reached skill level 1 in Fighting
   175 | D:1      | Reached XP level 2. HP: 12/23 MP: 4/7
   431 | D:1      | Slain by a jackal

Illustrated notes

Levels and vault maps discovered:
D:1:      erik_arrival_triangle_small, layout_rooms, serial_rivers,
          chequers_serial_rivers_marsh, chequers_serial_rivers_micro_c,
          chequers_serial_rivers_room_b, chequers_serial_rivers_large_a,
          chequers_serial_rivers_micro_a, chequers_serial_rivers_small_a,
          hellmonk_ecumenical_altar_inner_sanctum

Skill      XL: |  1  2 |
---------------+-------+-----
Fighting       | 1 |  1.2
Transmutations | 2 |  2.2
Spellcasting   | 2 |  2.0
Dodging        | |  1.7
Unarmed Combat | |  2.8

Action                   || total
-------------------------++-------
Melee: Unarmed           ||    17
       Headbutt          ||    11
       Kick              ||     7
       Short sword       ||    10
 Cast: Beastly Appendage ||     8
Armor: Robe              ||    11
Dodge: Dodged            ||    30

Table legend: (Time is in decaauts)
 A = Elapsed time spent in this place.
 B = Non-inter-level travel time spent in this place.
 C = Inter-level travel time spent in this place.
 D = Time resting spent in this place.
 E = Time spent auto-exploring this place.
 F = Levels seen in this place.
 G = Mean time per level.
                   A        B        C        D        E       F      G
               +--------+--------+--------+--------+--------+-----+--------+
         Total |    430 |    430 |      0 |     72 |    281 |   1 |  430.0 |
       Dungeon |    430 |    430 |      0 |     72 |    281 |   1 |  430.0 |
               +--------+--------+--------+--------+--------+-----+--------+

Top non-repeatable levels by time:
     D:1: 430 daAuts
